 Dungeon Crawl Stone Soup version 0.23.2-1-ga50397a6bc (webtiles) character file.

Game seed: 17521733604886757498

2391 Mrkan the Basher (level 9, -1/82 HPs)
             Began as a Purple Draconian Berserker on May 22, 2019.
             Was an Elder of Trog.
             Killed from afar by Pikel (12 damage)
             ... with a wand of acid (7)
             ... on level 7 of the Dungeon.
             The game lasted 00:09:28 (5465 turns).

Mrkan the Basher (Purple Draconian Berserker)       Turns: 5465, Time: 00:09:28

Health: -1/82      AC:  7    Str: 22    XL:     9   Next: 22%
Magic:  9/9        EV: 13    Int:  8    God:    Trog [****..]
Gold:   297        SH:  0    Dex: 13    Spells: 8/8 levels left

rFire    . . .     SeeInvis .   l - +0 flail
rCold    . . .     Gourm    .   (no shield)
rNeg     . . .     Faith    .   (armour unavailable)
rPois    .         Spirit   .   (helmet restricted)
rElec    .         Reflect  .   (no cloak)
rCorr    .         Harm     .   (no gloves)
MR       +....                  (no boots)
Stlth    +.........             (no amulet)
HPRegen  0.23/turn              p - +2 ring of strength
MPRegen  0.11/turn              (no ring)

@: berserk cooldown, slowed, very slow
A: breathe power, unfitting armour, cold-blooded, AC +7
a: Breathe Dispelling Energy, Berserk, Trog's Hand, Brothers in Arms, Renounce
Religion


You were on level 7 of the Dungeon.
You worshipped Trog.
Trog was greatly pleased with you.
You were not hungry.

You visited 1 branch of the dungeon, and saw 7 of its levels.

You collected 297 gold pieces.

Inventory:

Hand Weapons
 a - a +0 mace
 l - a +0 flail (weapon)
 r - a +0 falchion of electrocution
 x - a +0 scythe of slicing
Magical Staves
 A - an uncursed staff of power {unknown}
Jewellery
 p - a +2 ring of strength (left hand)
 w - a cursed amulet of inaccuracy {unknown}
 y - an uncursed ring of see invisible {unknown}
Wands
 s - a wand of random effects (23)
 u - a wand of paralysis (9)
Scrolls
 c - 2 scrolls of magic mapping {unknown}
 d - 2 scrolls of amnesia {unknown}
 e - 3 scrolls of identify {unknown}
 f - 2 scrolls of remove curse {unknown}
 g - 5 scrolls of immolation {unknown}
 i - 2 scrolls of teleportation {unknown}
 t - a scroll of enchant armour {unknown}
 C - a scroll of vulnerability {unknown}
Potions
 h - 2 potions of flight {unknown}
 j - a potion of agility {unknown}
 k - 2 potions of invisibility {unknown}
 m - a potion of heal wounds {unknown}
 n - a potion of degeneration {unknown}
 o - 4 potions of curing
 q - a potion of brilliance {unknown}
 v - a potion of resistance
 z - 2 potions of lignification {unknown}
Comestibles
 b - 10 rations
 B - 7 chunks of flesh


   Skills:
 + Level 8.5 Fighting
 - Level 10.5 Maces & Flails
 * Level 2.6 Dodging


You had 8 spell levels left.
You didn't know any spells.
Your spell library was empty.

Dungeon Overview and Level Annotations

Branches:
Dungeon (7/15)             Temple (0/1) D:6

Altars:
Elyvilon
Hepliaklqana
Ru
Trog
Uskayaw
Xom
Zin
The Shining One

Annotations:
D:7 Pikel


Innate Abilities, Weirdness & Mutations

You can breathe bolts of dispelling energy.
Your rich purple scales are hard. (AC +7)
You cannot fit into any form of body armour.
You are cold-blooded and may be slowed by cold attacks.


Message History

Pikel freezes you.
* * * LOW HITPOINT WARNING * * *
Pikel barely misses you.
Pikel zaps a wand.
The bolt of acid misses you.
The sentinel's mark upon you fades away.
Pikel closely misses you.
You see here a throwing net.
Pikel hits you with a +1 whip of freezing.
* * * LOW HITPOINT WARNING * * *
You feel as though you will be slow longer.
Pikel freezes you.
* * * LOW HITPOINT WARNING * * *
Pikel hits you with a +1 whip of freezing.
* * * LOW HITPOINT WARNING * * *
You feel as though you will be slow longer.
Pikel freezes you.
* * * LOW HITPOINT WARNING * * *
Okay, then.
Pikel zaps a wand.
The bolt of acid hits you!
You die...

.........).......
.......÷.########
.......#(##
......)#p.#
.......##p##
#.....# .......
#.p# #.....#
....... ##p##
#.....# .......
#.K###.....#
.......
##@##......+
#####..#......#
#...........<.#
#.............#
#.........#.###
#.........#.#
#[........#.#
#.........#.#
#.........#÷#


You could see Pikel and 4 slaves.

Vanquished Creatures
  Harold (D:7)
  Prince Ribbit (D:5)
  Grinder (D:4)
  Sigmund (D:5)
  Menkaure (D:7)
  2 sky beasts
  Blork the orc (D:6)
  2 bullfrogs
  A scorpion (D:6)
  2 crimson imps (D:7)
  An orc wizard (D:3)
  Ijyb (D:4)
  A centaur skeleton (D:6)
  3 hounds
  An iguana (D:7)
  A worker ant (D:5)
  2 worker ant zombies
  5 gnolls (D:2)
  13 adders
  A shadow imp (D:6)
  An adder skeleton (D:4)
  2 adder zombies
  4 worms
  A dart slug (D:1)
  5 leopard geckos
  10 orcs
  5 bats
  4 giant cockroaches (D:2)
  10 goblins
  6 hobgoblins
  5 jackals
  7 kobolds
  3 quokkas
  2 ball pythons
  4 frilled lizards
  A leopard gecko skeleton (D:5)
  18 rats
130 creatures vanquished.

Notes
Turn   | Place    | Note
-------+----------+-------------------------------------------
     0 | D:1      | Mrkan the Draconian Berserker began the quest for the Orb.
     0 | D:1      | Reached XP level 1. HP: 19/19 MP: 1/1
   151 | D:1      | Reached XP level 2. HP: 25/26 MP: 2/2
   543 | D:1      | Reached ** piety under Trog
   584 | D:1      | Reached XP level 3. HP: 28/33 MP: 3/3
   905 | D:2      | Reached skill level 4 in Maces & Flails
  1061 | D:2      | Reached XP level 4. HP: 38/40 MP: 4/4
  1686 | D:2      | Reached skill level 5 in Maces & Flails
  1756 | D:2      | Reached XP level 5. HP: 42/47 MP: 5/5
  1906 | D:2      | Reached *** piety under Trog
  2167 | D:2      | Found a white marble altar of Elyvilon.
  2167 | D:2      | Found a glowing silver altar of Zin.
  2168 | D:2      | Found a glowing golden altar of the Shining One.
  2386 | D:3      | Found a sacrificial altar of Ru.
  2992 | D:4      | Noticed Grinder
  3002 | D:4      | Killed Grinder
  3002 | D:4      | Reached skill level 5 in Fighting
  3002 | D:4      | Reached skill level 6 in Maces & Flails
  3002 | D:4      | Reached XP level 6. HP: 55/56 MP: 6/6
  3124 | D:4      | Found a shimmering altar of Xom.
  3125 | D:4      | Found a shimmering altar of Xom.
  3127 | D:4      | Found a shimmering altar of Xom.
  3134 | D:4      | Noticed Ijyb
  3135 | D:4      | Paralysed by Ijyb for 2 turns
  3274 | D:4      | Killed Ijyb
  3359 | D:5      | Entered Level 5 of the Dungeon
  3359 | D:5      | Noticed Prince Ribbit
  3368 | D:5      | Killed Prince Ribbit
  3368 | D:5      | Reached skill level 7 in Maces & Flails
  3368 | D:5      | Your scales start taking on a rich purple colour.
  3368 | D:5      | Reached XP level 7. HP: 32/63 MP: 7/7
  3518 | D:5      | Found a hide-covered altar of Uskayaw.
  3800 | D:5      | Noticed Sigmund
  3808 | D:5      | Killed Sigmund
  3808 | D:5      | Reached skill level 8 in Maces & Flails
  3808 | D:5      | Reached XP level 8. HP: 71/71 MP: 8/8
  4038 | D:6      | Noticed Blork the orc
  4044 | D:6      | Killed Blork the orc
  4237 | D:6      | Found a hazy altar of Hepliaklqana.
  4344 | D:6      | Found a staircase to the Ecumenical Temple.
  4362 | D:6      | Noticed a moth of wrath
  4365 | D:6      | Found a bloodstained altar of Trog.
  4381 | D:6      | Reached **** piety under Trog
  4813 | D:6      | Reached skill level 9 in Maces & Flails
  5082 | D:7      | Noticed Menkaure
  5093 | D:7      | Killed Menkaure
  5416 | D:7      | Noticed Harold
  5426 | D:7      | Killed Harold
  5426 | D:7      | Reached skill level 10 in Maces & Flails
  5426 | D:7      | Reached XP level 9. HP: 82/82 MP: 9/9
  5442 | D:7      | Noticed Pikel
  5465 | D:7      | Killed from afar by Pikel

Skill      XL: |  1  2  3  4  5  6  7  8 |
---------------+-------------------------+-----
Maces & Flails | 4 5 6 7 8 10 | 10.5
Fighting       | 4 5 6 8 |  8.5
Dodging        | |  2.6

Action                   |  1- 3 |  4- 6 |  7- 9 || total
-------------------------+-------+-------+-------++-------
Melee: Mace              |    78 |    22 |       ||   100
       Tailslap          |     5 |    28 |    24 ||    57
       Flail             |       |   218 |   150 ||   368
Invok: Berserk           |     1 |     4 |     4 ||     9
 Stab: Sleeping          |       |     4 |       ||     4
  Eat: Chunk             |       |    12 |     8 ||    20
       Ration            |       |       |     1 ||     1
Armor: Skin              |    19 |    78 |    46 ||   143
Dodge: Dodged            |    55 |   154 |    77 ||   286
